 Dungeon Crawl Stone Soup version 0.17.1-2-g5865329 (webtiles) character file.

18 Jerry the Skirmisher (level 2, -1/20 (21) HPs)
             Began as an Octopode Chaos Knight on Jan 31, 2016.
             Slain by a hobgoblin (3 damage)
             ... on level 1 of the Dungeon.
             The game lasted 00:03:31 (1843 turns).

Jerry the Skirmisher (Octopode Chaos Knight)        Turns: 1843, Time: 00:03:31

HP:   -1/20 (21)    AC:  1    Str: 11    XL:     2   Next: 70%
MP:   2/2           EV: 12    Int: 14    God:    Xom [..*...]
Gold: 25            SH:  0    Dex: 11    Spells: 0 memorised, 1 level left

rFire  . . .     SeeInvis .     a - +0 mace (chaos)
rCold  . . .     Clarity  .     (no shield)
rNeg   . . .     SustAt   .     (helmet restricted)
rPois  .         Gourm    .     (no amulet)
rElec  .         Spirit   .     (no ring)
rCorr  .         Warding  .     (no ring)
rMut   .         Stasis   .     (no ring)
MR     .....                    (no ring)
Stlth  +++.......               (no ring)
                                (no ring)
                                (no ring)
                                (no ring)

@: fainting, not resistant to hostile enchantments, fairly stealthy
A: almost no armour, amphibious, 8 rings, constrict 8, camouflage 1, gelatinous
body 1
a: Renounce Religion


You were on level 1 of the Dungeon.
You worshipped Xom.
You were a toy of Xom.
You were fainting.

You visited 1 branch of the dungeon, and saw 1 of its levels.

You collected 25 gold pieces.

Inventory:

Hand Weapons
 a - a +0 mace of chaos (weapon)
Scrolls
 d - a scroll of enchant weapon {unknown}
 e - a scroll of blinking {unknown}
 f - a scroll of enchant armour {unknown}
 i - a scroll of magic mapping {unknown}
 j - a scroll of random uselessness {unknown}
 k - a scroll of remove curse {unknown}
Potions
 c - a potion of curing {unknown}
 h - a potion of degeneration {unknown}
Comestibles
 b - a bread ration
 g - 2 meat rations
 l - a beef jerky


   Skills:
 + Level 3.2 Fighting
 + Level 3.2 Maces & Flails
 + Level 2.6 Dodging
 + Level 1.5 Stealth


You had one spell level left.
You didn't know any spells.

Dungeon Overview and Level Annotations

Branches:
Dungeon (1/15)

Altars:


Innate Abilities, Weirdness & Mutations

You cannot wear most types of armour.
You are amphibious.
You can wear up to eight rings at the same time.
You can use your tentacles to constrict eight enemies at once.
Your skin changes colour to match your surroundings (Stealth).
Your rubbery body absorbs attacks (AC +1).


Message History

You kill the goblin!
A hobgoblin comes into view.
You can move again.
You need to eat something NOW!
The hobgoblin shouts!
The hobgoblin barely misses you.
You hit the hobgoblin but do no damage.
The hobgoblin flickers and vanishes!
Deactivating autopickup; reactivate with Ctrl-A.
Your squeeze misses something. Something hits you. Something hits you.
You miss something. Something hits you.
You hit something but do no damage. Something hits you.
You barely miss something. Something hits you.
You hit something but do no damage. Your squeeze misses something.
Something hits you.
* * * LOW HITPOINT WARNING * * *
You hit something but do no damage.
You hear a sizzling sound.
Something hits you.
You die... "It was about time."

≈≈≈P≈≈≈≈≈≈♣♣###.#....##.####.#
≈≈≈≈≈≈≈≈≈≈≈♣≈♣.......##.# #.#
≈≈P≈≈≈≈≈≈≈≈≈P≈♣.#.....#.# #.#
PP≈≈≈≈≈≈≈PPP≈≈≈♣......#.# #.#
≈≈.≈≈≈P≈≈P≈≈≈≈♣.......#.####.##
..≈...≈..≈P♣♣♣....###.#.#[....#
......................#.#.#####
≈..............)........#.#
P≈≈≈P.≈≈.......{@.#######.#
≈≈≈≈†≈≈≈≈♣................#
P≈≈♣♣P≈≈≈........##########
♣♣♣♣♣♣♣♣.........'.#
.♣♣♣♣♣#..........#.#
.....########.P.##.#
.....##....#..P.P..#
.....##...≈≈P≈P≈PP.###
.....##...P≈≈♣≈≈≈≈P..#


There were no monsters in sight!

Vanquished Creatures
  A giant gecko (D:1)
  6 goblins (D:1)
  2 hobgoblins (D:1)
  3 jackals (D:1)
  A bat (D:1)
  A giant newt (D:1)
  A kobold (D:1)
  2 rats (D:1)
17 creatures vanquished.

Notes
Turn   | Place    | Note
--------------------------------------------------------------
     0 | D:1      | Jerry the Octopode Chaos Knight began the quest for the Orb.
     0 | D:1      | Reached XP level 1. HP: 16/16 MP: 1/1
   343 | D:1      | Reached skill level 1 in Stealth
   432 | D:1      | Reached XP level 2. HP: 14/21 MP: 2/2
   454 | D:1      | XOM: harmless Ice miscast
   926 | D:1      | XOM: mild Necr miscast
   948 | D:1      | XOM: divination: detect creatures
  1143 | D:1      | XOM: harmless Fire miscast
  1218 | D:1      | XOM: divination: detect creatures
  1379 | D:1      | XOM: silly message
  1791 | D:1      | XOM: harmless Pois miscast
  1843 | D:1      | Slain by a hobgoblin

Action                   || total
-------------------------++-------
Melee: Mace              ||    33
